Map: 드림캐처 - 래더

Players

eonblu

  • Race: Zerg Zerg
  • League: Grandmaster
  • Spawn Location: 11:00

llllllllllll (Zest) - Winner!

  • Race: Protoss Protoss
  • League: Master
  • Spawn Location: 5:00

Event: HomeStory Cup XVII

VOD

Have the link to the VOD?

Description

Time

  • Played on: June 28, 2018, 6:28 a.m.
  • Length: 9:47

All games in this series

Show
View Real Time Build Order
Export as new Build Order

eonblu Zerg 

Build Orders: Hatch First, Zergling Baneling 

Get SALT Encoding   

  12  0:00  Drone  
  13  0:12  Overlord  
  13  0:17  Drone  
  14  0:30  Drone x2  
  16  0:48  Hatchery  
  15  0:52  Drone  
  15  0:55  Drone  
  17  1:05  Extractor  
  17  1:11  Spawning Pool  
  15  1:14  Drone  
  15  1:17  Drone  
  17  1:25  Drone  
  18  1:35  Drone  
  19  1:43  Overlord  
  19  1:55  Drone  
  19  1:58  Queen  
  19  2:01  Queen  
  22  2:02  Zergling x2  
  22  2:04  Zergling x2  
  26  2:12  Metabolic Boost  
  26  2:17  Drone  
  26  2:21  Drone  
  28  2:23  Drone  
  28  2:24  Drone  
  30  2:32  Drone  
  30  2:34  Drone  
  32  2:50  Hatchery  
  31  2:57  Baneling Nest  
  30  3:00  Drone x2  
  30  3:04  Overlord  
  32  3:18  Zergling x8  
  36  3:23  Zergling x2  
  36  3:24  Zergling x6  
  36  3:26  Zergling x2  
  41  3:29  Overlord  
  41  3:38  Overlord  
  41  3:42  Baneling  
  41  3:43  Baneling x2  
  40  3:48  Baneling  
  40  3:49  Baneling x3  
  40  3:50  Zergling x2  
  40  3:51  Zergling x4  
  43  3:56  Zergling x2  
  41  4:08  Zergling x12  
  41  4:09  Zergling x2  
  44  4:15  Zergling x2  
  44  4:16  Zergling x6  
  45  4:19  Baneling x2  
  45  4:20  Baneling  
  45  4:21  Baneling  
  45  4:23  Drone  
  46  4:25  Drone  
  46  4:27  Drone  
  46  4:30  Drone  
  48  4:32  Drone  
  48  4:34  Drone  
  48  4:37  Drone  
  50  4:39  Drone  
  50  4:42  Drone  
  51  4:46  Drone  
  49  4:53  Drone x2  
  49  4:57  Drone x3  
  49  4:58  Spore Crawler  
  50  5:02  Drone  
  49  5:07  Drone  
  49  5:08  Drone  
  49  5:09  Drone x2  
  49  5:12  Drone  
  50  5:15  Spore Crawler, Extractor  
  50  5:16  Extractor  
  50  5:17  Spore Crawler  
  50  5:18  Queen  
  48  5:23  Drone x2  
  48  5:24  Drone  
  51  5:32  Lair  
  51  5:34  Roach Warren  
  50  5:36  Zergling x4  
  52  5:43  Overlord  
  48  5:51  Drone x6  
  48  5:54  Drone  
  48  5:56  Drone  
  54  5:59  Drone  
  54  6:00  Drone  
  54  6:04  Drone  
  57  6:05  Evolution Chamber  
  57  6:07  Overlord  
  57  6:09  Drone  
  57  6:11  Drone  
  57  6:12  Drone  
  57  6:15  Drone  
  59  6:20  Drone x4  
  59  6:23  Spore Crawler  
  59  6:24  Spore Crawler  
  61  6:27  Spore Crawler  
  61  6:31  Glial Reconstitution  
  60  6:32  Zerg Missile Weapons Level 1  
  60  6:46  Spire, Drone, Extractor  
  58  6:47  Drone  
  58  6:48  Drone  
  55  6:59  Drone x6  
  55  7:00  Drone  
  61  7:04  Drone x2  
  63  7:10  Spore Crawler  
  62  7:17  Spore Crawler  
  61  7:23  Roach  
  61  7:26  Overlord  
  68  7:40  Overlord x2  
  62  7:44  Queen  
  64  7:56  Roach x6  
  76  8:00  Mutalisk x6  
  76  8:01  Mutalisk  
  90  8:05  Overlord  
  90  8:06  Overlord  
  90  8:18  Roach x3  
  86  8:25  Roach x5  
  88  8:29  Roach  
  90  8:35  Roach  
  90  8:40  Evolution Chamber  
  85  8:44  Evolution Chamber  
  84  8:52  Roach x8  
  94  9:00  Roach  
  94  9:02  Evolution Chamber  
  95  9:07  Roach x2  
  95  9:08  Overlord x2  
  95  9:25  Roach  
  95  9:26  Roach x2  
Show
View Real Time Build Order
Export as new Build Order

llllllllllll Protoss - Winner!

Build Orders: 1 Gate Expand, Oracle Opening, Phoenix Opening, Zealot Archon 

Get SALT Encoding   

  12  0:01  Probe  
  13  0:13  Probe  
  14  0:19  Pylon  
  14  0:25  Probe  
  15  0:33  Probe  
  15  0:41  Gateway, Probe  
  16  0:47  Assimilator  
  17  0:51  Probe  
  18  1:03  Probe  
  19  1:15  Probe  
  20  1:25  Nexus  
  20  1:35  Cybernetics Core  
  20  1:38  Probe  
  21  1:45  Assimilator  
  21  1:50  Probe  
  21  1:54  Pylon  
  22  2:02  Probe  
  22  2:03  Adept  
  23  2:14  Stargate  
  25  2:17  Probe  
  26  2:24  Warp Gate  
  26  2:29  Adept  
  26  2:31  Probe  
  26  2:33  Probe  
  29  2:41  Probe  
  29  2:43  Probe  
  31  2:49  Phoenix  
  32  2:51  Probe  
  32  2:55  Probe  
  36  3:03  Probe  
  37  3:06  Oracle, Pylon  
  37  3:08  Probe  
  38  3:16  Probe  
  42  3:20  Probe  
  42  3:24  Assimilator  
  42  3:26  Assimilator  
  43  3:28  Probe  
  43  3:32  Probe  
  45  3:39  Robotics Facility  
  45  3:40  Probe  
  46  3:44  Probe  
  46  3:46  Oracle  
  47  3:54  Twilight Council  
  48  3:56  Probe  
  48  3:59  Adept, Shield Battery  
  53  4:04  Shield Battery  
  49  4:14  Pylon  
  47  4:17  Pylon  
  47  4:27  Oracle, Pylon  
  47  4:30  Pylon  
  47  4:32  Probe x2  
  47  4:34  Gateway  
  47  4:36  Adept  
  54  4:44  Probe x2  
  56  4:56  Probe x2  
  56  4:57  Pylon  
  58  5:05  Adept  
  58  5:08  Probe x2  
  58  5:13  Oracle  
  58  5:20  Probe  
  62  5:23  Probe  
  63  5:32  Robotics Facility  
  63  5:33  Probe  
  63  5:34  Twilight Council  
  64  5:36  Probe  
  65  5:45  Probe  
  66  5:56  Adept  
  70  6:00  Pylon  
  70  6:02  Charge  
  70  6:04  Pylon  
  68  6:09  Warp Prism  
  68  6:10  Pylon  
  68  6:14  Templar Archives  
  68  6:25  Gateway  
  70  6:27  Gateway  
  70  6:29  Gateway  
  70  6:30  Gateway  
  70  6:33  Pylon  
  70  6:56  Observer  
  71  7:02  Pylon  
  71  7:04  High Templar x2  
  71  7:07  Nexus, Probe x2  
  76  7:10  Archon  
  76  7:22  Shield Battery  
  76  7:30  High Templar x4  
  76  7:31  Observer  
  76  7:34  Archon x2  
  76  7:35  Probe x2  
  76  7:36  Gateway  
  86  7:39  Gateway  
  86  7:42  Forge  
  87  7:47  Probe x2, Zealot x2  
  93  7:55  Immortal  
  93  7:58  Pylon  
  97  7:59  Probe x2  
  97  8:03  Zealot x4  
  107  8:08  Sentry  
  107  8:11  Probe  
  110  8:16  Probe  
  110  8:24  Zealot x4  
  110  8:25  Probe x2, Zealot  
  122  8:28  Phoenix, Probe  
  122  8:32  Zealot  
  125  8:39  Shield Battery  
  129  8:43  Stalker x2  
  129  8:51  Stalker x2  
  125  8:56  Phoenix  
  125  9:01  Stalker x2  
  125  9:02  Stalker  
  131  9:19  Phoenix  
  131  9:27  Zealot  
  129  9:32  Zealot x2  
  129  9:35  Pylon  
  129  9:37  Pylon  
  125  9:39  Pylon, Zealot x3  
  125  9:41  Pylon  
Tags
 
Add a new tag
Caveats
  • Supply blocks, unpowered buildings, or Contaminate may cause inaccurate times.
  • Supply counts are checked every 10 seconds.